 Dungeon Crawl Stone Soup version 0.24-a0-232-g49d9ff80d8 (webtiles) character file.

Game seed: 12482559856942141442

25 CedricTheThird the Ruffian (level 2, -3/24 HPs)
             Began as a Demonspawn Berserker on Apr 4, 2019.
             Was a Follower of Trog.
             Slain by a goblin
             ... wielding a +0 club
              (5 damage)
             ... on level 1 of the Dungeon.
             The game lasted 00:01:42 (756 turns).

CedricTheThird the Ruffian (Demonspawn Berserker)    Turns: 756, Time: 00:01:43

Health: -3/24      AC:  2    Str: 17    XL:     2   Next: 82%
Magic:  2/2        EV: 14    Int:  8    God:    Trog [*.....]
Gold:   28         SH:  0    Dex: 12    Spells: 1/1 levels left

rFire    . . .     SeeInvis .     - Unarmed
rCold    . . .     Gourm    .   (no shield)
rNeg     . . .     Faith    .   a - +0 animal skin
rPois    .         Spirit   .   (no helmet)
rElec    .         Reflect  .   (no cloak)
rCorr    .         Harm     .   (no gloves)
MR       .....                  (no boots)
Stlth    +.........             (no amulet)
HPRegen  0.08/turn              (no ring)
MPRegen  0.08/turn              (no ring)

@: berserk cooldown, slowed, very slow
A: repulsion field 1
a: Berserk, Renounce Religion


You were on level 1 of the Dungeon.
You worshipped Trog.
Trog was aware of your devotion.
You were very hungry.

You visited 1 branch of the dungeon, and saw 1 of its levels.

You collected 28 gold pieces.

Inventory:

Armour
 a - a +0 animal skin (worn)
Scrolls
 c - 3 scrolls of immolation {unknown}
 e - a scroll of magic mapping {unknown}
 f - a scroll of teleportation {unknown}
Comestibles
 b - 3 rations
 d - 2 chunks of flesh


   Skills:
 - Level 3.0 Fighting
 - Level 1.7 Armour
 - Level 1.7 Dodging
 * Level 3.7 Unarmed Combat


You had one spell level left.
You didn't know any spells.
Your spell library was empty.

Dungeon Overview and Level Annotations

Branches:
Dungeon (1/15)

Altars:


Innate Abilities, Weirdness & Mutations

You are surrounded by a mild repulsion field. (EV +2)


Message History

* * * LOW HITPOINT WARNING * * *
The ooze hits you.
* * * LOW HITPOINT WARNING * * *
Unknown command.
A red film seems to cover your vision as you go berserk!
You feel yourself moving faster!
You feel mighty!
You are feeling very hungry.
The ooze misses you.
You feel a strong urge to attack something.
Really walk into that dispersal trap?
You enter a dispersal trap!
The gnoll blinks!
The ooze blinks!
The bat blinks!
You blink.
You feel your anger nearly subside.
You are no longer berserk.
You are exhausted.
You feel yourself slow down. The bat misses you.
The bat hits you but does no damage. The bat hits you but does no damage.
The bat misses you. The goblin hits you with a +0 club.
You die...

#...#.###.###.# ##...#.#
#..##.# ....#.# ##.##.#
###...# #..#.# ......
##.#.# #...# #...#
#..J########..##### .
#ยง##.............. ...
#.##..@..b.>...... ....#
#.##.g............
......###.##..............
...[......J...............
.........#................
.........#....############
.........#....#
....g....#....#
+#####...#....#


You could see an ooze, a goblin and a bat.

Vanquished Creatures
  A dart slug (D:1)
  A bat (D:1)
  A giant cockroach (D:1)
  5 goblins (D:1)
  2 hobgoblins (D:1)
  4 jackals (D:1)
  3 kobolds (D:1)
  A frilled lizard (D:1)
18 creatures vanquished.

Notes
Turn   | Place    | Note
-------+----------+-------------------------------------------
     0 | D:1      | CedricTheThird the Demonspawn Berserker began the quest for
                  | the Orb.
     0 | D:1      | Reached XP level 1. HP: 18/18 MP: 1/1
   177 | D:1      | Gained mutation: You are surrounded by a mild repulsion
                  | field. (EV +2) [demonic ancestry]
   177 | D:1      | Reached XP level 2. HP: 21/24 MP: 2/2
   756 | D:1      | Slain by a goblin

Levels and vault maps discovered:
D:1:      onia_arrival_mini_spirals, layout_basic

Skill      XL: |  1 |
---------------+----+-----
Unarmed Combat | 3 |  3.7
Fighting       | |  3.0
Armour         | |  1.7
Dodging        | |  1.7

Action                   || total
-------------------------++-------
Melee: Unarmed           ||    63
Invok: Berserk           ||     3
  Eat: Chunk             ||     1
Armor: Animal skin       ||     7
Dodge: Dodged            ||    64

Table legend:
 A = Non-vault XP
 B = Vault XP
 C = Vault XP percentage of total XP
 D = Non-vault monster count
 E = Vault monster count
 F = Vault count percentage of total count
                 A         B        C        D         E       F
            +---------+---------+-------+---------+---------+-------
      Total |      36 |       0 |   0.0 |      18 |       0 |   0.0
            +---------+---------+-------+---------+---------+-------
        D:1 |      36 |       0 |   0.0 |      18 |       0 |   0.0
            +---------+---------+-------+---------+---------+-------
